Map: Berlingrad LE

Players

Asystole

  • Race: Protoss Protoss
  • League: Platinum

Geodude - Winner!

  • Race: Terran Terran
  • League: Platinum

VOD

Have the link to the VOD?

Description

Time

  • Played on: Nov. 3, 2021, 9:39 a.m.
  • Length: 20:57
Show
View Real Time Build Order
Export as new Build Order

Asystole Protoss 

Build Orders: Blink Stalkers 

Get SALT Encoding   

  12  0:01  Probe (Chrono Boost)  
  13  0:11  Probe (Chrono Boost)  
  14  0:19  Pylon  
  14  0:20  Probe  
  15  0:37  Probe  
  15  0:40  Gateway  
  16  0:46  Assimilator  
  17  0:50  Probe  
  17  1:02  Probe (Chrono Boost)  
  19  1:12  Probe (Chrono Boost)  
  19  1:17  Probe (Chrono Boost)  
  19  1:18  Assimilator  
  20  1:28  Cybernetics Core  
  20  1:30  Probe  
  21  1:44  Probe  
  22  1:59  Nexus  
  22  2:02  Pylon  
  22  2:03  Probe  
  23  2:13  Warp Gate  
  22  2:17  Pylon  
  22  2:32  Stalker (Chrono Boost)  
  24  2:39  Shield Battery  
  23  2:50  Probe  
  24  2:59  Stalker (Chrono Boost)  
  24  3:04  Probe  
  27  3:12  Twilight Council  
  27  3:16  Pylon  
  27  3:19  Probe  
  28  3:26  Stalker (Chrono Boost), Probe  
  31  3:33  Probe  
  32  3:37  Robotics Facility  
  32  3:38  Probe  
  33  3:45  Probe, Pylon  
  33  3:46  Blink (Chrono Boost)  
  34  3:51  Probe  
  35  3:58  Gateway  
  35  4:02  Gateway  
  35  4:06  Gateway  
  35  4:36  Probe x2  
  35  4:38  Shield Battery, Stalker, Immortal (Chrono Boost)  
  41  4:48  Probe  
  41  4:51  Shield Battery, Pylon  
  42  4:57  Stalker x2  
  46  5:00  Stalker  
  48  5:10  Stalker  
  50  5:15  Probe (Chrono Boost)  
  50  5:16  Probe (Chrono Boost)  
  50  5:20  Observer (Chrono Boost)  
  53  5:26  Probe x2 (Chrono Boost), Dark Shrine  
  55  5:30  Probe (Chrono Boost)  
  55  5:31  Probe (Chrono Boost)  
  55  5:35  Assimilator  
  57  5:39  Pylon  
  57  5:42  Probe  
  58  5:45  Charge  
  58  5:47  Probe  
  58  5:48  Pylon  
  59  5:54  Probe  
  60  6:06  Zealot x4  
  68  6:14  Nexus  
  66  6:36  Stalker x4  
  74  6:59  Stalker x4  
  77  7:29  Zealot x3  
  73  7:30  Zealot  
  73  7:33  Probe x2  
  73  7:34  Probe  
  73  7:36  Shadow Stride  
  78  7:45  Forge, Probe  
  78  7:46  Forge, Probe x2  
  78  7:48  Templar Archives  
  81  7:57  Zealot x3, Assimilator  
  81  7:58  Zealot, Probe x2  
  91  8:04  Pylon  
  91  8:06  Pylon  
  91  8:07  Pylon  
  91  8:15  Pylon  
  91  8:18  Zealot x3  
  97  8:21  Zealot  
  99  8:28  Probe x2 (Chrono Boost)  
  99  8:29  Probe (Chrono Boost)  
  99  8:31  Pylon  
  102  8:38  Probe (Chrono Boost)  
  103  8:48  Protoss Ground Weapons Level 1 (Chrono Boost), Protoss Ground Armor Level 1 (Chrono Boost)  
  103  8:50  Probe x2  
  103  8:52  Psionic Storm  
  103  8:54  Assimilator  
  105  8:58  Shield Battery, Assimilator  
  105  9:00  Shield Battery, Pylon  
  105  9:07  Pylon  
  105  9:20  Gateway  
  105  9:22  Gateway  
  105  9:23  Gateway  
  105  9:25  Gateway x2  
  105  9:26  Probe x2  
  107  9:41  Zealot x4, Pylon  
  107  9:43  Probe x2 (Chrono Boost)  
  107  9:44  Probe (Chrono Boost)  
  117  10:03  Robotics Bay, High Templar x4  
  125  10:15  Dark Templar x2  
  125  10:57  High Templar x3  
  125  10:59  Zealot x4  
  125  11:00  Zealot x2  
  125  11:03  Probe x2  
  125  11:04  Colossus  
  145  11:05  Extended Thermal Lance  
  151  11:21  Stalker  
  151  11:22  Stalker x5, Nexus  
  163  11:25  Pylon  
  163  11:28  Pylon  
  163  11:30  Pylon  
  163  11:44  High Templar x3  
  163  11:45  High Templar  
  171  11:48  Archon x2, Protoss Ground Weapons Level 2 (Chrono Boost)  
  171  11:54  Protoss Ground Armor Level 2 (Chrono Boost)  
  171  12:13  Pylon  
  171  12:17  Pylon  
  171  12:19  Pylon  
  171  12:30  Dark Templar x2  
  171  12:31  Dark Templar x2  
  179  12:42  Stargate  
  179  12:49  Dark Templar  
  181  12:54  Gateway  
  181  12:56  Gateway  
  181  13:00  Gateway  
  181  13:10  Assimilator  
  181  13:15  Assimilator  
  109  14:14  Stalker  
  109  14:15  Stalker x2, Zealot x2  
  109  14:16  Zealot x4, Colossus (Chrono Boost)  
  125  14:20  Protoss Ground Armor Level 3 (Chrono Boost), Protoss Ground Weapons Level 3 (Chrono Boost)  
  125  14:24  Fleet Beacon  
  125  14:40  Oracle (Chrono Boost)  
  128  14:49  Zealot x4  
  128  14:50  Zealot  
  138  14:59  Colossus (Chrono Boost)  
  144  15:00  Robotics Facility  
  144  15:04  Robotics Facility  
  144  15:20  Probe x3  
  144  15:21  Probe  
  148  15:28  Pylon  
  148  15:32  Probe  
  148  15:34  Pylon  
  149  15:45  Pylon  
  157  15:50  Immortal x2  
  131  16:19  Zealot  
  131  16:20  Zealot x7  
  144  16:29  Immortal  
  121  16:48  Dark Templar x7  
  121  16:49  Dark Templar x2  
  119  17:22  Zealot x6  
  107  17:23  Zealot x3  
  107  17:29  Archon  
  93  17:43  Stalker x5  
  93  17:44  Stalker x4  
  109  18:00  Mothership (Chrono Boost)  
  93  18:07  High Templar x2  
  93  18:08  High Templar x2  
  109  18:26  Nexus  
  109  18:27  Pylon  
  109  18:29  High Templar x5, Pylon  
  119  18:34  Archon x2  
  119  18:38  Nexus  
  119  18:40  Pylon  
  119  18:42  Pylon  
  119  18:44  Pylon  
  119  18:48  Zealot x3  
  119  18:49  Zealot  
  127  19:51  Assimilator  
  127  19:54  Assimilator x2  
  127  19:58  Assimilator  
Show
View Real Time Build Order
Export as new Build Order

Geodude Terran - Winner!

Build Orders:  

Get SALT Encoding   

  12  0:01  SCV  
  13  0:13  SCV  
  14  0:17  Supply Depot  
  14  0:25  SCV  
  15  0:39  SCV  
  15  0:40  Barracks  
  16  0:46  Refinery  
  16  0:51  SCV  
  17  1:03  SCV  
  18  1:15  SCV  
  19  1:28  Orbital Command  
  19  1:32  Reaper  
  20  2:00  SCV  
  21  2:04  Command Center  
  21  2:15  Refinery  
  21  2:18  Marine  
  21  2:19  Factory  
  21  2:20  SCV  
  23  2:26  Supply Depot  
  23  2:38  Barracks Reactor  
  23  2:46  SCV  
  23  3:00  SCV  
  24  3:07  Starport  
  24  3:09  Factory Tech Lab  
  24  3:13  SCV  
  24  3:16  Marine x2  
  27  3:25  Orbital Command  
  27  3:26  Supply Depot  
  27  3:28  SCV  
  27  3:30  Engineering Bay  
  27  3:33  Engineering Bay  
  28  3:35  Marine x2  
  28  3:40  SCV, Cyclone  
  34  3:49  Starport Reactor  
  34  3:51  SCV  
  35  3:57  Barracks  
  35  3:59  SCV  
  36  4:08  Terran Infantry Armor Level 1, Terran Infantry Weapons Level 1  
  36  4:09  Marine x2  
  37  4:36  SCV x2  
  39  4:38  Marine x2  
  39  4:39  Medivac x2  
  39  4:43  Supply Depot  
  45  4:48  SCV x2  
  45  4:50  Refinery, Barracks Tech Lab  
  45  4:51  Refinery  
  47  5:03  Marine x2  
  47  5:06  SCV  
  47  5:07  SCV  
  51  5:19  SCV  
  51  5:21  Marauder, Stimpack  
  52  5:22  Marine x2  
  52  5:26  Siege Tank  
  59  5:32  SCV x2  
  61  5:39  Marine  
  62  5:45  Supply Depot  
  62  5:46  Supply Depot  
  62  5:49  Supply Depot x2  
  62  6:04  Command Center  
  62  6:06  Liberator, Marine x2  
  62  6:07  SCV, Hellion  
  62  6:08  SCV  
  71  6:16  Supply Depot x2  
  71  6:17  Armory  
  67  6:32  Marine x2  
  67  6:33  Marauder, Siege Tank  
  72  6:49  SCV x2  
  72  6:52  Medivac x2  
  72  6:53  Marine x2  
  80  6:57  Ghost Academy  
  80  7:01  Barracks  
  80  7:02  Barracks, Marine  
  81  7:10  Marine  
  76  7:31  Medivac x2  
  80  7:40  Marauder, Marine x2  
  80  7:41  Combat Shield  
  80  7:43  Terran Vehicle Weapons Level 1, Terran Infantry Weapons Level 2, Terran Infantry Armor Level 2  
  84  7:55  Orbital Command  
  84  7:56  SCV x2  
  84  7:58  Marine  
  87  8:01  Refinery  
  87  8:02  Barracks Tech Lab  
  87  8:03  Barracks Reactor, Marine  
  87  8:04  Marine  
  89  8:07  Refinery  
  89  8:14  Siege Tank  
  89  8:15  SCV  
  89  8:16  SCV  
  94  8:20  Enhanced Shockwaves  
  94  8:23  SCV  
  95  8:28  SCV x2  
  97  8:39  SCV  
  97  8:40  Marauder, Marine x2, SCV x2  
  97  8:41  Marauder, Marine  
  107  8:42  Marine  
  108  8:50  Medivac x2  
  108  8:54  Concussive Shells  
  112  8:57  SCV x3  
  112  9:01  Ghost  
  112  9:02  Marauder  
  119  9:09  SCV x2  
  121  9:20  Marine x3  
  121  9:21  Marine  
  125  9:27  Marauder, Siege Tank  
  125  9:29  Supply Depot  
  125  9:30  Ghost  
  132  9:32  Supply Depot x2  
  132  9:37  Supply Depot  
  132  9:38  Marine  
  133  9:40  Command Center  
  133  9:51  Reaper, SCV x3  
  137  10:05  Missile Turret  
  137  10:06  Missile Turret  
  137  10:08  Missile Turret  
  137  10:37  Marine  
  137  10:38  Marauder x2, Marine x3  
  137  10:39  Siege Tank  
  137  10:41  Liberator x2  
  154  10:44  SCV  
  154  10:45  SCV x2  
  156  10:55  Marine  
  156  10:56  SCV  
  149  10:57  SCV  
  149  10:58  Marine x2, Ghost  
  149  10:59  Marauder, Marine  
  156  11:10  Factory  
  156  11:11  Siege Tank  
  159  11:13  Marine  
  159  11:14  Terran Infantry Armor Level 3, Factory, Terran Infantry Weapons Level 3  
  159  11:16  Terran Vehicle Weapons Level 2  
  159  11:18  Factory  
  160  11:30  Sensor Tower  
  160  11:34  Sensor Tower  
  160  11:35  SCV  
  160  11:36  SCV  
  161  11:40  Sensor Tower  
  161  12:01  Personal Cloaking  
  161  12:02  Marine, Ghost x2  
  161  12:03  Marine x3  
  161  12:05  Factory Tech Lab x3  
  169  12:17  Planetary Fortress  
  169  12:29  Command Center  
  169  12:30  Ghost  
  169  12:35  Missile Turret  
  169  12:36  Marine, Ghost  
  174  12:37  Missile Turret x2  
  174  12:38  Refinery, Missile Turret  
  174  12:43  Refinery  
  174  13:26  Starport  
  174  13:29  Starport Tech Lab  
  174  13:32  Terran Vehicle And Ship Armor Level 1  
  148  13:52  Marine x2  
  148  13:53  Marauder  
  148  13:55  Marine  
  130  13:56  Marauder, Marine  
  130  13:57  Thor x2, Siege Tank  
  130  13:58  Thor  
  122  14:10  Marine x2  
  122  14:13  Marine  
  122  14:14  Marauder  
  127  14:17  Marauder  
  129  14:29  Orbital Command  
  129  14:30  SCV x3  
  132  14:36  Marauder  
  132  14:38  Marauder, Marine x2  
  136  14:39  Marine x2  
  136  14:42  SCV x2  
  136  14:43  Planetary Fortress  
  142  14:57  Marauder, Refinery  
  142  14:58  Refinery  
  146  15:00  Marauder, Marine x3  
  146  15:01  Marine  
  146  15:03  Siege Tank x3  
  146  15:06  Raven  
  161  15:15  SCV x3  
  161  15:16  SCV  
  161  15:18  Marauder, Marine x4  
  173  15:21  Marauder  
  173  15:27  SCV  
  174  15:29  Sensor Tower  
  174  15:36  Marine, Bunker  
  174  15:37  Marine  
  174  15:40  Marauder  
  174  15:42  Ghost  
  180  15:52  Marine x2  
  180  15:53  Siege Tank  
  180  15:54  Marine, Siege Tank x3  
  195  16:07  Marine  
  195  16:08  Ghost, Medivac  
  195  16:10  Medivac  
  195  16:13  Marauder, Viking  
  185  16:25  Marine  
  185  16:26  Marine x3  
  188  16:34  Ghost  
  188  16:38  Marauder, Viking  
  173  16:43  Marine x2, Orbital Command  
  173  16:44  Marine x2, Viking x2  
  167  16:59  Marauder  
  159  17:01  Marine x4  
  159  17:03  Marauder, Siege Tank  
  159  17:04  Siege Tank x3  
  159  17:08  Viking  
  174  17:14  Viking  
  165  17:19  Marine x4  
  165  17:20  Marauder  
  141  17:24  Marauder  
  123  17:35  Siege Tank  
  123  17:36  Siege Tank x3  
  123  17:37  Marine x4  
  122  17:42  Marauder  
  128  17:45  Ghost  
  128  17:54  Marine  
  128  17:55  Marine x2  
  117  18:02  Marine  
  117  18:03  Marauder  
  118  18:09  SCV  
  118  18:10  SCV x2  
  118  18:11  SCV x2  
  118  18:12  Marine x2  
  123  18:13  Marine  
  123  18:14  Marauder  
  128  18:20  Marine, Siege Tank  
  128  18:21  SCV, Siege Tank x2  
  128  18:22  SCV x2  
  128  18:23  SCV x2  
  128  18:24  Marauder  
  145  18:30  Marine  
  146  18:36  Marauder  
  148  18:41  Missile Turret  
  148  18:42  Marine x3  
  148  18:43  Siege Tank, Missile Turret x2  
  148  18:46  Marauder  
  148  18:48  Marine  
  156  18:52  Siege Tank  
  160  18:57  Marauder  
  160  18:58  Sensor Tower  
  162  19:10  Marine x3  
  162  19:11  Marauder, Marine  
  162  19:13  Command Center  
  168  19:22  Viking x2  
  172  19:24  Ghost  
Tags
 
Add a new tag
Caveats
  • Supply blocks, unpowered buildings, or Contaminate may cause inaccurate times.
  • Supply counts are checked every 10 seconds.